 Dungeon Crawl Stone Soup version 0.22.1-1-ga44c0e5 (webtiles) character file.

20039 Zebedee the Jinx (level 12, 0/56 HPs)
             Began as a Spriggan Enchanter on Oct 17, 2018.
             Was an Initiate of Gozag.
             Killed by divine providence
             ... invoked by an orc priest
              (13 damage)
             ... on level 12 of the Dungeon.
             The game lasted 01:11:42 (15771 turns).

Zebedee the Jinx (Spriggan Enchanter)              Turns: 15771, Time: 01:11:44

Health: 0/56       AC:  5    Str:  6    XL:     12   Next: 41%
Magic:  24/34      EV: 24    Int: 17    God:    Gozag
Gold:   2262       SH:  8    Dex: 19    Spells: 13/27 levels left

rFire    . . .     SeeInvis +   a - +2 dagger
rCold    . . .     Gourm    .   q - +0 buckler
rNeg     . . .     Faith    .   t - +0 robe
rPois    +         Spirit   .   (helmet restricted)
rElec    .         Reflect  .   n - +2 cloak
rCorr    .         Harm     .   (gloves unavailable)
MR       ++...                  (boots unavailable)
Stlth    ++++......             I - amulet of regeneration
HPRegen  0.58/turn              Q - ring of poison resistance
MPRegen  0.24/turn              U - ring of magical power

@: very quick
A: very small, unfitting armour, see invisible, herbivore, speed 3, slow
metabolism 2
a: Potion Petition, Call Merchant, Bribe Branch, Renounce Religion


You were on level 12 of the Dungeon.
You worshipped Gozag.
Gozag was most pleased with you.
You were not hungry.

You visited 2 branches of the dungeon, and saw 13 of its levels.
You also visited: Ossuary.

You collected 2573 gold pieces.
You spent 240 gold pieces at shops.
You paid 71 gold pieces to Gozag.

Inventory:

Hand Weapons
 a - a +2 dagger (weapon)
 b - a +0 blowgun
Missiles
 i - 7 tomahawks of returning (quivered)
 u - 69 poisoned needles
 A - 4 needles of confusion
 E - 9 curare-tipped needles
 P - a throwing net
Armour
 n - a +2 cloak (worn)
 q - a +0 buckler (worn)
 t - a +0 robe (worn)
Jewellery
 j - an uncursed ring of positive energy {unknown}
 I - an amulet of regeneration (around neck)
 Q - a ring of poison resistance (left hand)
 U - a ring of magical power (right hand)
Wands
 l - a wand of polymorph (16)
 G - a wand of iceblast (8)
 J - a wand of random effects (7)
 K - a wand of clouds (6)
 R - a wand of digging (20)
 Z - a wand of acid (6)
Scrolls
 e - 3 scrolls of blinking
 f - 2 scrolls of fog
 r - 4 scrolls of remove curse
 v - a scroll of acquirement {unknown}
 x - a scroll of fear {unknown}
 y - 4 scrolls of enchant weapon
 F - 10 scrolls of teleportation
 H - 2 scrolls of noise {unknown}
 M - 2 scrolls of amnesia {unknown}
 O - 2 scrolls of identify
 S - a scroll of brand weapon {unknown}
 T - 3 scrolls of enchant armour
 Y - a scroll of vulnerability {unknown}
Potions
 c - 6 potions of might
 g - a potion of lignification {unknown}
 h - 4 potions of flight
 k - 4 potions of resistance
 m - 2 potions of haste
 o - 3 potions of curing
 p - 4 potions of agility
 s - 3 potions of brilliance
 w - 2 potions of mutation
 z - a potion of invisibility {unknown}
 B - 5 potions of heal wounds
 D - a potion of magic {unknown}
 L - 2 potions of ambrosia
 N - a potion of cancellation {unknown}
Miscellaneous
 W - a phial of floods
Comestibles
 d - 13 rations


   Skills:
 * Level 3.5 Fighting
 - Level 9.8(10.0) Short Blades
   Level 1.5(5.0) Long Blades
 - Level 0.5 Throwing
 - Level 0.2 Armour
 - Level 8.0 Dodging
 - Level 7.6 Stealth
 * Level 6.6 Shields
 - Level 0.3 Unarmed Combat
 + Level 8.2 Spellcasting
 * Level 2.5 Conjurations
 + Level 14.4 Hexes
 * Level 0.9 Translocations
 - Level 0.3 Ice Magic
 + Level 1.6 Evocations


You had 13 spell levels left.
You knew the following spells:

 Your Spells              Type           Power        Failure   Level  Hunger
a - Corona                Hex            ######.      1%          1    None
b - Ensorcelled Hibernat  Hex/Ice        ####..       1%          2    None
c - Confuse               Hex            ######..     1%          3    #......
d - Dazzling Spray        Conj/Hex       #####.       1%          3    #......
e - Tukima's Dance        Hex            ######..     1%          3    #......
f - Blink                 Tloc           N/A          11%         2    None

Your spell library contained the following spells:

 Spells                   Type           Power        Failure   Level  Hunger
 Confusing Touch          Hex            ######       1%          1    None
 Shroud of Golubria       Chrm/Tloc      #.........   13%         2    None
 Metabolic Englaciation   Hex/Ice        ####......   14%         5    #####..
 Yara's Violent Unravell  Hex/Tmut       ####......   16%         5    #####..
 Gell's Gravitas          Tloc           ##........   22%         3    #......
 Lesser Beckoning         Tloc           ##........   22%         3    #......
 Teleport Other           Tloc           ##......     22%         3    #......
 Passage of Golubria      Tloc           N/A          56%         4    ###....
 Petrify                  Tmut/Erth      #.......     71%         4    ###....
 Irradiate                Conj/Tmut      ##........   87%         5    #####..
 Hydra Form               Tmut           #.........   100%        6    ######.
 Statue Form              Tmut/Erth      #........    100%        6    ######.
 Dragon Form              Tmut           #.........   100%        7    #######


Dungeon Overview and Level Annotations

Branches:
Dungeon (12/15)            Temple (1/1) D:4            Lair (0/6) D:11
    Orc (0/2) D:11

Altars:
Ashenzari
Cheibriados
Dithmenos
Elyvilon
Fedhas
Gozag
Hepliaklqana
Kikubaaqudgha
Makhleb
Nemelex Xobeh
Okawaru
Qazlal
Ru
Sif Muna
Trog
Uskayaw
Vehumet
Wu Jian
Xom
Yredelemnul
Zin
The Shining One

Shops:
D:8 %   D:9 =

Annotations:
D:2 exclusion: downstairs
D:6 exclusion: downstairs, Dowan, Duvessa
D:11 1 exclusion


Innate Abilities, Weirdness & Mutations

You are very small and have problems with some larger weapons.
You are too small for most types of armour.
You have supernaturally acute eyesight. (SInv)
You are a herbivore.
You cover ground extremely quickly.
You need to consume almost no food.


Message History

The two-headed ogre is lightly wounded.
Casting: Ensorcelled Hibernation (safe; 1% risk of failure)
Confirm with . or Enter, or press ? or * to list all spells.
Aiming: Ensorcelled Hibernation (safe; 1% risk of failure)
Press: ? - help, Shift-Dir - straight line, f/p - two-headed ogre
Aim: a two-headed ogre, wielding two giant clubs (lightly wounded, confused, The two-headed ogre looks drowsy...
The orc priest mumbles some strange prayers to Beogh against you.
Beogh smites you!
* * * LOW HITPOINT WARNING * * *
A hungry ghost comes into view.
You hear a shout!
The two-headed ogre shouts in stereo!
You catch the helpless two-headed ogre completely off-guard!
You impale the two-headed ogre!!
The two-headed ogre is heavily wounded.
The orc priest calls down the wrath of Beogh upon you.
Beogh smites you!
You die...
Your body crumbles into a pile of gold.

............
....W........
............
....So.....
#...o......
#..........
#..........
#.O........#
#..@..###..#
#.....###..#
#..........#
##..........#
#...........#
#...........#
#...........#
#..####.>...#
+.. #.....#


You could see a two-headed ogre (confused), a hungry ghost, an orc priest, an
adder and an orc.

Vanquished Creatures
  A yaktaur captain (D:11)
  A hydra (D:11)
  Erolcha (D:10)
  Harold (D:9)
  2 centaur warriors
  A two-headed ogre (D:8)
  Erica (D:9)
  Sonja (D:10)
  An unseen horror (D:9)
  4 ugly things
  A salamander (shapeshifter) (D:11)
  A cyclops (D:9)
  Joseph (D:7)
  Maurice (D:11)
  A gargoyle (D:12)
  A centaur skeleton (D:12)
  A komodo dragon (D:10)
  5 trolls
  Grinder (D:5)
  A hornet (D:10)
  4 slime creatures (D:10)
  Prince Ribbit (D:8)
  4 hippogriffs
  A spriggan (D:7)
  A wraith (D:11)
  A wyvern (D:10)
  A water elemental (D:11)
  A fire bat (shapeshifter) (D:11)
  A steam dragon (D:7)
  Menkaure (D:7)
  A water moccasin (D:10)
  An acid dragon (D:11)
  An orc warrior (D:10)
  2 sky beasts (D:9)
  8 ogres
  5 ice beasts
  2 eyes of draining
  A boggart (D:9)
  3 wolves (D:11)
  3 centaurs
  2 big kobolds (D:7)
  5 bullfrogs
  4 scorpions
  4 killer bees (D:8)
  6 wights
  3 electric eels (D:11)
  2 howler monkeys (D:11)
  5 crimson imps
  4 bullfrog zombies
  A quasit (D:10)
  8 centaur zombies
  3 orc priests
  A bullfrog skeleton (D:4)
  5 jellies
  4 orc wizards
  10 hounds
  Terence (D:3)
  8 iguanas
  9 worker ants
  7 mummies (Ossuary)
  A hound zombie (Ossuary)
  A hound skeleton (D:6)
  A howler monkey zombie (Ossuary)
  2 worker ant zombies
  15 adders
  5 shadow imps
  2 oozes
  5 adder zombies (Ossuary)
  A worm (D:2)
  7 leopard geckos
  29 orcs
  5 giant cockroaches
  10 goblins
  7 hobgoblins
  8 jackals
  6 quokkas
  3 ball pythons
  7 bats
  A frilled lizard (shapeshifter) (D:9)
  6 frilled lizards
  A goblin zombie (D:8)
  3 jackal zombies (Ossuary)
  16 kobolds
  A leopard gecko skeleton (D:8)
  3 leopard gecko zombies
  A quokka skeleton (D:9)
  3 quokka zombies
  10 rats
323 creatures vanquished.

Vanquished Creatures (others)
  4 withered plants (Ossuary)
4 creatures vanquished.

Grand Total: 327 creatures vanquished

Notes
Turn   | Place    | Note
-------+----------+-------------------------------------------
     0 | D:1      | Zebedee the Spriggan Enchanter began the quest for the Orb.
     0 | D:1      | Reached XP level 1. HP: 9/9 MP: 5/5
   479 | D:1      | Reached XP level 2. HP: 13/13 MP: 6/6
   511 | D:1      | Learned a level 2 spell: Ensorcelled Hibernation
   733 | D:1      | Reached skill level 4 in Hexes
  1097 | D:2      | Reached XP level 3. HP: 17/17 MP: 8/8
  1474 | D:2      | Reached XP level 4. HP: 21/21 MP: 3/9
  2453 | D:3      | Noticed Terence
  2460 | D:3      | Killed Terence
  2460 | D:3      | Reached skill level 5 in Hexes
  2460 | D:3      | Reached XP level 5. HP: 25/25 MP: 10/10
  2595 | D:3      | Found a glowing golden altar of the Shining One.
  3103 | D:3      | Reached skill level 5 in Short Blades
  3297 | D:4      | Noticed an ogre
  3300 | D:4      | Learned a level 3 spell: Confuse
  3328 | D:4      | Killed an ogre
  3328 | D:4      | Reached XP level 6. HP: 29/29 MP: 0/11
  3342 | D:4      | Found a staircase to the Ecumenical Temple.
  3367 | Temple   | Entered the Ecumenical Temple
  3667 | Temple   | Became a worshipper of Gozag Ym Sagoz the Greedy
  4128 | D:4      | Reached skill level 5 in Stealth
  4180 | D:4      | Reached XP level 7. HP: 29/32 MP: 5/12
  4450 | D:5      | Entered Level 5 of the Dungeon
  4575 | D:5      | Reached skill level 5 in Dodging
  4727 | D:5      | Noticed Grinder
  4821 | D:5      | Killed Grinder
  4821 | D:5      | Reached skill level 1 in Fighting
  4821 | D:5      | Reached XP level 8. HP: 26/37 MP: 12/16
  4859 | D:5      | Reached skill level 5 in Spellcasting
  5688 | D:6      | Noticed Dowan
  5698 | D:6      | Noticed a hippogriff
  5701 | D:6      | Noticed Duvessa
  5955 | D:6      | Killed a hippogriff
  6664 | D:6      | Found a sacrificial altar of Ru.
  6993 | D:7      | Noticed Joseph
  7194 | D:7      | Learned a level 3 spell: Dazzling Spray
  7593 | D:7      | Reached XP level 9. HP: 44/44 MP: 21/21
  7945 | D:7      | Killed Joseph
  7945 | D:7      | Reached skill level 1 in Shields
  8199 | D:7      | Reached skill level 6 in Hexes
  8217 | D:7      | Noticed Menkaure
  8223 | D:7      | Killed Menkaure
  8293 | D:8      | Found a sand-covered staircase.
  8342 | D:8      | Found Iruqeas's Food Shoppe.
  8367 | D:8      | Noticed a two-headed ogre
  8401 | D:8      | Killed a two-headed ogre
  8401 | D:8      | Reached skill level 7 in Hexes
  8566 | Ossuary  | Entered an ossuary
  8658 | Ossuary  | Reached XP level 10. HP: 49/49 MP: 8/23
  8671 | Ossuary  | Reached skill level 8 in Hexes
  9115 | D:8      | Noticed Prince Ribbit
  9124 | D:8      | Killed Prince Ribbit
  9457 | D:8      | Learned a level 3 spell: Tukima's Dance
  9903 | D:9      | Noticed Harold
  9904 | D:9      | Found Dueblyull's Jewellery Shop.
  9920 | D:9      | Killed Harold
  9920 | D:9      | Reached skill level 9 in Hexes
  9949 | D:9      | Bought an uncursed ring of poison resistance for 240 gold
                  | pieces
 10314 | D:9      | Noticed a cyclops
 10473 | D:9      | Noticed a water nymph
 10717 | D:9      | Noticed Erica
 10724 | D:9      | Killed Erica
 10776 | D:9      | Reached skill level 10 in Hexes
 11424 | D:9      | Noticed a centaur warrior
 11446 | D:9      | Killed a centaur warrior
 11446 | D:9      | Reached skill level 5 in Shields
 11448 | D:9      | Reached XP level 11. HP: 50/52 MP: 16/24
 11450 | D:9      | Got a flickering granite ring
 11599 | D:9      | Reached skill level 1 in Evocations
 11662 | D:9      | Noticed an unseen horror
 11668 | D:9      | Killed an unseen horror
 11680 | D:9      | Noticed a red ugly thing
 11698 | D:9      | Killed a red ugly thing
 11698 | D:9      | Reached skill level 11 in Hexes
 11972 | D:10     | Entered Level 10 of the Dungeon
 12056 | D:10     | Noticed Erolcha
 12061 | D:10     | Killed Erolcha
 12062 | D:10     | Noticed Sonja
 12085 | D:10     | Killed Sonja
 12085 | D:10     | Reached skill level 1 in Long Blades
 12099 | D:10     | Identified the ring of Yntin {*Tele rF- Str+4 Stlth+} (You
                  | took it off a centaur warrior on level 9 of the Dungeon)
 12387 | D:10     | Reached skill level 12 in Hexes
 13027 | D:11     | Found a staircase to the Lair.
 13132 | D:11     | Noticed a brown ugly thing
 13137 | D:11     | Noticed a brown ugly thing
 13182 | D:11     | Killed a green ugly thing
 13393 | D:11     | Killed a brown ugly thing
 13393 | D:11     | Reached skill level 13 in Hexes
 13522 | D:11     | Reached skill level 1 in Conjurations
 13866 | D:11     | Noticed Maurice
 13876 | D:11     | Killed Maurice
 13876 | D:11     | Reached XP level 12. HP: 56/56 MP: 14/25
 14007 | D:11     | Found a staircase to the Orcish Mines.
 14070 | D:11     | Noticed a seven-headed hydra
 14084 | D:11     | Killed a seven-headed hydra
 14095 | D:11     | Noticed a centaur warrior
 14103 | D:11     | Killed a centaur warrior
 14265 | D:11     | Noticed a yaktaur captain
 14524 | D:11     | Noticed a fire giant
 14609 | D:11     | Noticed a storm dragon
 14612 | D:11     | Reached skill level 14 in Hexes
 14855 | D:11     | Killed a yaktaur captain
 15028 | D:11     | HP: 1/56 [fire giant/fireball (55)]
 15395 | D:11     | Learned a level 2 spell: Blink
 15755 | D:12     | Noticed a two-headed ogre
 15771 | D:12     | Killed from afar by an orc priest

Skill      XL: |  1  2  3  4  5  6  7  8  9 10 11 12 |
---------------+-------------------------------------+-----
Short Blades   | 2 3 4 6 7 9 |  9.8
Hexes          | 4 5 7 10 13 14 | 14.4
Spellcasting   | 3 4 7 8 |  8.2
Stealth        | 5 7 |  7.6
Dodging        | 5 8 |  8.0
Fighting       | 1 3 |  3.5
Shields        | 3 5 6 |  6.6
Evocations     | 1 |  1.6
Long Blades    | 1 |  1.5
Conjurations   | 1 2 |  2.5
Throwing       | |  0.5
Armour         | |  0.2
Unarmed Combat | |  0.3
Translocations | |  0.9
Ice Magic      | |  0.3

Action                   |  1- 3 |  4- 6 |  7- 9 | 10-12 || total
-------------------------+-------+-------+-------+-------++-------
Melee: Dagger            |   130 |   161 |   348 |   680 ||  1319
       Falchion          |       |       |       |    11 ||    11
 Cast: Ensorcelled Hiber |     5 |    38 |    69 |   134 ||   246
       Confuse           |       |     1 |    28 |    64 ||    93
       Dazzling Spray    |       |       |       |     7 ||     7
Evoke: Wand              |       |       |       |     5 ||     5
  Use: Scroll            |       |       |    13 |     5 ||    18
       Potion            |       |       |     1 |       ||     1
 Stab: Sleeping          |    15 |    34 |    43 |    81 ||   173
       Distracted        |     1 |       |     1 |     2 ||     4
       Confused          |       |     2 |    12 |    35 ||    49
  Eat: Ration            |       |     2 |     4 |     4 ||    10
Armor: Robe              |     6 |    14 |    10 |    20 ||    50
Dodge: Dodged            |    88 |    86 |   163 |   230 ||   567
Block: Buckler           |       |       |    20 |   103 ||   123
       Rpst.: Falchion   |       |       |       |     1 ||     1
